 Dungeon Crawl Stone Soup version 0.31.0-11-ge490571c62 (webtiles) character file.

Game seed: 13507128797143946192

21 Gadfly the Trooper (level 2, -2/24 HPs)
             Began as a Demonspawn Monk on Feb 2, 2024.
             Slain by an adder (3 damage)
             ... on level 2 of the Dungeon.
             The game lasted 00:00:53 (1180 turns).

Gadfly the Trooper (Demonspawn Monk)                Turns: 1180, Time: 00:00:54

Health: -2/24      AC:  2    Str: 11    XL:     2   Next: 65%
Magic:  2/2        EV: 13    Int: 10    God:
Gold:   56         SH:  0    Dex: 15    Spells: 1/1 levels left

rFire   . .          .
                       - Unarmed
rCold   . . .        c - orb {light}
rNeg    . . .        a - +0 robe
rPois   .            (no helmet)
rElec   .            (no cloak)
rCorr   .            (no gloves)
SInv    .            (no boots)
Will    .....        (no amulet)
Stlth   +            (no ring)
HPRegen 0.24/turn    (no ring)
MPRegen 0.08/turn

%: no passive effects
@: confused, lethally poisoned (-2 -> -14), ambrosia-drunk, glowing
A: condensation shield
a: no special abilities


You were on level 2 of the Dungeon.
You visited 1 branch of the dungeon, and saw 2 of its levels.

You collected 56 gold pieces.

Inventory:

Armour
 a - a +0 robe (worn)
 c - an orb of light (worn)
Talismans
 j - a maw talisman
Wands
 f - a wand of flame (24)
Scrolls
 g - 3 scrolls of teleportation {unknown}
 h - a scroll of poison {unknown}
Potions
 b - a potion of ambrosia
 d - a potion of attraction {unknown}
 e - a potion of mutation {unknown}
 i - a potion of berserk rage {unknown}


   Skills:
 - Level 3.0 Fighting
 + Level 2.8 Dodging
 * Level 3.0 Unarmed Combat
 * Level 1.0 Evocations
 * Level 0.8 Shapeshifting


You had one spell level left.
You didn't know any spells.
Your spell library was empty.

Dungeon Overview and Level Annotations

Branches:
Dungeon (2/15)

Altars:


Innate Abilities, Weirdness & Mutations

A meltable shield of frost defends you. (SH +4)


Message History

Found an escape hatch in the ceiling.
No target in view!
No target in view!
No target in view!
An adder comes into view.
The adder hisses angrily.
You completely miss the adder. The adder bites you.
You are poisoned.
The adder poisons you!
You barely miss the adder.
You feel sick. The adder bites you but does no damage. The adder bites you.
You barely miss the adder.
You feel sick. The adder bites you.
You are more poisoned.
The adder poisons you!
You are too injured to fight recklessly!
You are too injured to fight recklessly!
You are too injured to fight recklessly!
An adder is nearby!
You are too injured to fight recklessly!
You are too injured to fight recklessly!
You hit the adder.
The adder is moderately wounded.
You feel sick. The adder bites you.
* * * LOW HITPOINT WARNING * * *
You are more poisoned.
The adder poisons you!
You hit the adder.
The adder is moderately wounded.
* * * LOW HITPOINT WARNING * * *
You feel very sick. The adder bites you.
* * * LOW HITPOINT WARNING * * *
You are more poisoned.
The adder poisons you!
You are confused.
You feel invigorated.
* * * LOW HITPOINT WARNING * * *
You feel very sick. The adder bites you.
You die...

## ######## .# #.##...#########
.#########.............<#########
.#..............#..####.........#
.#.#######.###'##..# #)........#
...............##..# ##...#####..
.......###.######..###....# #..
...........#...S@......8### ###
..#+#'#.####.#########..+ +
..#.#.#.# #.8### ### .....<#.###
######+###....# #.. #.##..#...#
#........####.#####.# ......###.#
#........# #.......#
#.#.......###........# #...##.##
#.>..................# #........
.....########........# #....####


You could see an adder.

Vanquished Creatures
  3 endoplasms
  A giant cockroach (D:1)
  A goblin (D:1)
  3 quokkas (D:1)
  A ball python (D:1)
  5 bats (D:1)
  2 frilled lizards (D:1)
  3 kobolds
19 creatures vanquished.

Notes
Turn   | Place    | Note
-------+----------+-------------------------------------------
     0 | D:1      | Gadfly the Demonspawn Monk began the quest for the Orb.
     0 | D:1      | Reached XP level 1. HP: 18/18 MP: 1/1
   286 | D:1      | Gained mutation: A meltable shield of frost defends you.
                  | (SH +4) [demonic ancestry]
   286 | D:1      | Reached XP level 2. HP: 22/24 MP: 2/2
   946 | D:2      | Reached skill level 1 in Evocations
  1179 | D:2      | HP: 1/24 [adder (3)]
  1180 | D:2      | Slain by an adder

Illustrated notes

Levels and vault maps discovered:
D:1:      dpeg_arrival_solitude, layout_basic, nrook_campfire,
          patterned_corridor
D:2:      layout_basic, dreamdust_ecumenical_altar_angels_and_demons

Skill      XL: |  1  2 |
---------------+-------+-----
Unarmed Combat | 3 |  3.0
Evocations     | 1 |  1.0
Fighting       | |  3.0
Dodging        | |  2.8
Shapeshifting  | |  0.8

Action                     || total
---------------------------++-------
  Melee: Unarmed           ||    74
    Use: Potion            ||     1
 Armour: Robe              ||    33
  Dodge: Dodged            ||    56
